Unix NetHack Version 5.0.0-0 post-release - last build Jun 10 2026 00:39:30 (3ee93aec679c4c4259841fe613dc97188e26a321,branch:main).

Game began 2026-06-15 20:06:04, ended 2026-06-15 20:43:58.

LDaviesPeters, neutral female human Archeologist

                                               -----              -------
                                               ....|              +.....|
                                           ####....|        #     |.....|
                                           ### |....##############......|
                                          ##   |...|#             |.....|
                                         ##    ....|#             ---.---
                               -------   #     -----#                #
                               |.....|   #      #####                #
                               ......-#)?#       ####                #
                               |....>|           #-------            #
                               |.....|           #|.....|            #
                               -------           #|.....|            #
                                                 #|.@...|     -------.------
                                                 #|.a...d###  |............|
                                                 #|.)...|  ###....%........|
                                                 #-.....|     |............|
                                                  -------     --------------

LDaviesPeters the Investigator  St:18/04 Dx:8 Co:14 In:14 Wi:14 Ch:9  Neutral
Dlvl:6  $:0  HP:0(45) Pw:34(34) AC:9  Xp:6 T:3829 

Latest messages:
 There is a partly eaten Woodland-elf corpse here; eat it? [ynq] (n) y
 You resume your meal.
 You finish eating the Woodland-elf corpse.
 You attack thin air.
 Your little dog eats a Woodland-elf corpse.
 You lash the gecko!
 You kill the gecko!
 You climb up the stairs.
 You hear a door open.
 You stop waiting.
 You are now more skilled in whip.
 You lash the elf zombie!
 You lash the elf zombie!
 The elf zombie hits!
 You destroy the elf zombie!
 You are in full health.
 You descend the stairs.
 You lash the giant beetle!
 The giant beetle bites!
 You miss the giant beetle.
 You miss the giant beetle.
 The giant beetle bites!
 You lash the giant beetle!
 The giant beetle bites!
 You miss the giant beetle.
 The giant beetle bites!
 You don't have anything to zap.
 What do you want to throw? [r or ?*] ?
 In what direction? 2
 The runed dagger hits the giant beetle.
 You climb up the stairs.
 You stop waiting.
 You lash the gnome lord!
 You lash the gnome lord!
 The gnome lord hits!
 You kill the gnome lord!
 You are in full health.
 You descend the stairs.
 You miss the giant beetle.
 The giant beetle bites!
 You miss the giant beetle.
 The giant beetle bites!
 You miss the giant beetle.
 The giant beetle bites!
 You lash the giant beetle!
 The giant beetle bites!
 You miss the giant beetle.
 The giant beetle bites!
 You die...
 Do you want your possessions identified? [ynq] (y) q

Inventory:
 Weapons  (')')
  a - a +2 bullwhip (weapon in right hand)
 Armor    ('[')
  c - an uncursed +0 fedora (being worn)
  h - an uncursed +0 leather jacket (being worn)
 Comestibles  ('%')
  s - an uncursed cram ration
  d - 4 uncursed food rations
  Z - an uncursed partly eaten food ration
  L - an uncursed lembas wafer
  y - 3 uncursed tripe rations
 Scrolls  ('?')
  U - a blessed scroll of destroy armor
  X - a blessed scroll of identify
  t - an uncursed scroll of teleportation
 Potions  ('!')
  W - 2 uncursed potions of healing
 Tools    ('(')
  b - an uncursed sack containing 15 items
  p - a +0 pick-axe
  k - an uncursed skeleton key
  Y - an uncursed tin whistle
  f - a tinning kit (0:63)
  B - an uncursed towel
 Gems/Stones  ('*')
  g - an uncursed touchstone

Contents of the sack:
  1025 gold pieces
  an uncursed scroll of charging
  a blessed scroll of confuse monster
  an uncursed scroll of confuse monster
  2 uncursed scrolls of enchant armor
  2 uncursed scrolls of enchant weapon
  an uncursed scroll of food detection
  an uncursed scroll of scare monster
  a blessed scroll of teleportation
  an uncursed scroll of teleportation
  an uncursed potion of oil
  a cursed potion of confusion
  an uncursed potion of restore ability
  a cursed potion of extra healing
  4 cursed potions of healing

LDaviesPeters the Archeologist's attributes:

Background:
 You were an Investigator, a level 6 female human Archeologist.
 You were neutral, on a mission for Camaxtli
 who was opposed by Quetzalcoatl (lawful) and Huhetotl (chaotic).
 You were right-handed.
 You were in the Dungeons of Doom, on level 6.
 You entered the dungeon 3829 turns ago.
 There was a new moon in effect when your adventure ended.
 You had 493 experience points, 147 more were needed to attain level 7.

Basics:
 You had 0 out of 45 hit points.
 You had all 34 energy points (spell power).
 Your armor class was 9.
 Your wallet was empty, but
 you had 1025 zorkmids stashed away in your pack.
 Autopickup was off.

Final Characteristics:
 Your strength was 18/04 (limit:18/100).
 Your dexterity was 8 (limit:18).
 Your constitution was 14 (limit:18).
 Your intelligence was 14 (limit:18).
 Your wisdom was 14 (limit:18).
 Your charisma was 9 (limit:18).

Final Status:
 You weren't hungry.
 You were unencumbered.
 You were wielding a whip.
 You were skilled in whip.

Final Attributes:
 You were piously aligned.
 You were telepathic.
 You had automatic searching.
 You were stealthy.
 You were lucky.
 You are dead.

Miscellaneous:
 You didn't encounter any bones levels.
 Total elapsed playing time was 37 minutes and 53 seconds.

Major events:
 Turn
    1: LDaviesPeters the neutral female human Archeologist entered the dungeon
 1274: entered the Gnomish Mines
 1293: attained the rank of Field Worker (level 3)
 3332: attained the rank of Investigator (level 6)
 3829: killed by a giant beetle

Spells:
 Name                 Level Category     Fail Retention
 protection             1   clerical       8%  76%-100%
 drain life             2   attack        81%  76%-100%

Skills:
 Fighting Skills
   bare handed combat [Unskilled]
   two weapon combat  [Unskilled]
   riding             [Unskilled]
 Weapon Skills
   dagger             [Unskilled]
   knife              [Unskilled]
   pick-axe           [Basic]
   short sword        [Unskilled]
   saber              [Unskilled]
   club               [Unskilled]
   quarterstaff       [Unskilled]
   sling              [Unskilled]
   dart               [Unskilled]
   boomerang          [Unskilled]
   whip               [Skilled]
   unicorn horn       [Unskilled]
 Spellcasting Skills
   attack spells      [Unskilled]
   healing spells     [Unskilled]
   divination spells  [Unskilled]
   matter spells      [Unskilled]

Voluntary challenges:
 Character rerolling was not enabled.
 You never genocided any monsters.
 You never polymorphed an object.
 You never changed form.
 You used no wishes.
Achievements:
 You entered a shop.
 You entered the Gnomish Mines.
 You attained the rank of Field Worker.
 You attained the rank of Investigator.

 The Dungeons of Doom: levels 1 to 6
    Level 1:
       An altar to Camaxtli, a fountain.
    Level 2:
       A general store, many fountains.
    Level 3:
       A general store, a fountain.
       Stairs down to The Gnomish Mines.
    Level 4:
       Some fountains, a sink.
    Level 5:
       A general store, many trees.
    Level 6: <- You were here.
       A fountain.
       Final resting place for
          you, killed by a giant beetle.
 The Gnomish Mines:
    Level 4:


Vanquished creatures:
  6 leprechauns
  a lizard
  2 Woodland-elves
  a rock piercer
  a rock mole
  a gnome leader
 an elf zombie
  a little dog
  4 floating eyes
  a kitten
  a homunculus
  2 rothes
  a giant bat
  a dwarf zombie
  a werejackal
 an acid blob
  a hobbit
  2 large kobolds
  a giant rat
  3 gnomes
  2 garter snakes
  4 geckos
  8 jackals
  a kobold
  a sewer rat
  5 grid bugs
  4 lichens
  a kobold zombie
  9 newts
68 creatures vanquished.

No species were genocided or became extinct.

Game over:
                       ----------
                      /          \
                     /    REST    \
                    /      IN      \
                   /     PEACE      \
                  /                  \
                  |  LDaviesPeters   |
                  |     1025 Au      |
                  |   killed by a    |
                  |   giant beetle   |
                  |                  |
                  |                  |
                  |       2026       |
                 *|     *  *  *      | *
        _________)/\\_//(\/(/\)/\//\/|_)_______

Goodbye LDaviesPeters the Archeologist...

You died in The Dungeons of Doom on dungeon level 6 with 3145 points,
and 1025 pieces of gold, after 3829 moves.
You were level 6 with a maximum of 45 hit points when you died.

